Map: 16-Bit LE

Players

GOStephano (Stephano) - Winner!

  • Race: Zerg Zerg
  • Spawn Location: 1:00

HeroMarine

  • Race: Terran Terran
  • Spawn Location: 7:00

Event: WCS Austin 2018

VOD

Have the link to the VOD?

Description

Time

  • Played on: June 1, 2018, 9:36 p.m.
  • Length: 21:04

All games in this series

Show
View Real Time Build Order
Export as new Build Order

GOStephano Zerg - Winner!

Build Orders: Hatch First 

Get SALT Encoding   

  12  0:00  Drone  
  13  0:12  Overlord  
  13  0:17  Drone  
  14  0:31  Drone x2  
  16  0:50  Hatchery  
  16  0:52  Drone  
  16  0:56  Drone  
  17  1:00  Drone  
  18  1:09  Extractor  
  17  1:15  Spawning Pool  
  16  1:19  Drone  
  16  1:22  Drone  
  18  1:28  Drone  
  19  1:39  Drone  
  20  1:49  Drone  
  21  2:01  Queen x2  
  21  2:03  Zergling x4  
  27  2:12  Overlord  
  27  2:14  Drone, Metabolic Boost  
  28  2:32  Hatchery  
  28  2:33  Drone  
  28  2:36  Drone  
  29  2:44  Queen  
  29  2:46  Drone  
  29  2:51  Overlord  
  32  2:54  Drone  
  32  2:57  Drone  
  34  3:00  Drone  
  35  3:06  Drone  
  35  3:09  Overlord  
  35  3:11  Drone  
  37  3:14  Drone x2  
  37  3:15  Drone  
  40  3:22  Queen  
  42  3:28  Overlord  
  42  3:29  Zergling x2  
  42  3:33  Queen  
  45  3:38  Zergling x2  
  45  3:40  Overlord  
  46  3:42  Drone  
  46  3:45  Drone x2  
  49  3:50  Drone x3  
  49  3:54  Overlord  
  51  3:59  Queen  
  51  4:01  Zergling x2  
  54  4:05  Overlord  
  54  4:10  Drone  
  54  4:12  Evolution Chamber x2, Drone  
  54  4:14  Drone  
  55  4:22  Drone x3  
  58  4:27  Spore Crawler, Drone x2  
  58  4:28  Drone  
  58  4:29  Drone  
  61  4:32  Zergling x4  
  61  4:33  Drone  
  64  4:38  Overlord  
  64  4:48  Zerg Ground Armor Level 1  
  64  4:49  Zerg Melee Weapons Level 1  
  64  4:58  Drone x5, Queen  
  71  5:02  Spore Crawler  
  71  5:03  Drone x2  
  71  5:05  Drone x2  
  71  5:06  Drone  
  75  5:13  Zergling x10  
  80  5:20  Extractor x2  
  78  5:21  Baneling Nest  
  78  5:26  Zergling x6  
  80  5:36  Lair, Drone x4  
  80  5:37  Drone x2  
  86  5:50  Overlord  
  86  5:51  Drone  
  86  5:56  Zergling x8  
  90  6:05  Hatchery  
  90  6:08  Drone x3  
  90  6:09  Overlord  
  90  6:10  Overlord x2  
  92  6:16  Spore Crawler  
  91  6:19  Drone x5  
  91  6:23  Zergling x4  
  98  6:26  Hatchery  
  98  6:32  Zergling x10  
  103  6:43  Hatchery  
  103  6:45  Zerg Ground Armor Level 2, Zerg Melee Weapons Level 2  
  103  6:46  Drone x4  
  106  6:47  Extractor  
  106  6:48  Hatchery  
  106  6:49  Drone x3  
  106  6:57  Drone  
  106  6:59  Overlord  
  107  7:05  Centrifical Hooks, Extractor  
  107  7:06  Extractor  
  107  7:07  Baneling x3  
  105  7:09  Drone  
  105  7:10  Drone x2  
  105  7:15  Drone x2  
  110  7:20  Zergling x12  
  116  7:32  Zergling x12  
  116  7:33  Zergling x2  
  123  7:39  Hydralisk Den  
  123  7:42  Overlord x2, Baneling x4  
  123  7:43  Overlord  
  123  7:44  Zergling x10  
  123  7:47  Infestation Pit  
  127  7:51  Zergling x4  
  127  7:57  Drone x3  
  131  8:00  Baneling x11  
  131  8:02  Drone x2  
  130  8:13  Drone x5  
  130  8:14  Overlord  
  130  8:18  Zergling x16  
  143  8:20  Spore Crawler, Muscular Augments  
  136  8:38  Hydralisk x10  
  154  8:46  Drone x7  
  154  8:48  Hive  
  154  9:05  Zerg Missile Weapons Level 1  
  154  9:09  Drone x8  
  162  9:10  Drone  
  162  9:12  Extractor  
  162  9:13  Hydralisk x7, Extractor  
  171  9:29  Overlord  
  171  9:31  Grooved Spines  
  171  9:36  Spore Crawler  
  168  9:50  Drone x3  
  171  9:53  Spore Crawler, Hydralisk  
  171  9:54  Spine Crawler, Hydralisk x8  
  171  9:55  Spine Crawler x2  
  171  9:58  Zergling x28  
  173  10:02  Hydralisk  
  173  10:07  Zerg Ground Armor Level 3  
  173  10:09  Hydralisk x6  
  173  10:11  Overlord x2  
  181  10:26  Baneling  
  181  10:27  Baneling x9  
  181  10:33  Baneling x2, Extractor x2  
  181  10:34  Baneling x8  
  179  10:40  Zergling x2  
  179  10:41  Zergling x38  
  179  10:42  Overlord x2  
  195  10:44  Pneumatized Carapace  
  194  11:03  Zergling x20  
  200  11:07  Zerg Missile Weapons Level 2  
  199  11:18  Zergling x20  
  194  11:24  Hydralisk x8  
  194  11:25  Hydralisk x2  
  184  11:33  Hydralisk x6  
  184  11:38  Zergling x16  
  184  11:44  Hydralisk x2  
  184  11:46  Queen x2  
  169  11:48  Hydralisk x4  
  170  11:55  Hydralisk x2  
  161  12:02  Zergling x8  
  161  12:05  Adrenal Glands  
  161  12:08  Baneling x8, Hydralisk x4  
  165  12:09  Hydralisk  
  175  12:20  Zergling x22  
  186  12:25  Hatchery  
  185  12:32  Zergling x12  
  185  12:34  Baneling x14  
  191  12:44  Zergling x18  
  200  12:54  Baneling x13  
  200  12:57  Zerg Melee Weapons Level 3  
  191  13:08  Zergling x2  
  191  13:09  Zergling x28  
  193  13:27  Zergling x2  
  193  13:28  Zergling x10  
  190  13:37  Zergling x32  
  198  13:51  Drone x2  
  199  14:01  Zergling x42  
  195  14:05  Zergling x8  
  177  14:12  Queen  
  177  14:16  Hydralisk x9  
  189  14:25  Zergling x2  
  189  14:38  Zergling x20  
  199  14:40  Baneling x28  
  199  14:41  Zerg Missile Weapons Level 3  
  199  14:58  Baneling x2  
  199  14:59  Baneling x10  
  199  15:04  Hatchery  
  198  15:13  Drone  
  185  15:44  Zergling x48  
  188  15:53  Zergling x22  
  199  16:02  Hydralisk x7  
  194  16:11  Overlord  
  194  16:12  Drone x7  
  194  16:24  Hydralisk x7  
  163  16:36  Baneling  
  163  16:37  Baneling x12, Hydralisk x9  
  181  16:47  Hatchery  
  180  16:59  Zergling x22  
  180  17:00  Zergling x10  
  189  17:36  Queen  
  168  17:40  Hydralisk x8  
  168  17:41  Zergling x22  
  168  17:42  Zergling x8  
  187  17:50  Baneling x21  
  187  17:51  Viper x3  
  187  17:52  Overseer  
  187  17:56  Hatchery  
  195  18:04  Spore Crawler  
  195  18:05  Spine Crawler x2  
  192  18:06  Baneling x19  
  192  18:07  Zergling x16  
  198  18:38  Hatchery  
  195  19:05  Spore Crawler, Spine Crawler, Overseer  
  195  19:06  Overlord  
  195  19:08  Drone  
  195  19:09  Spire  
  174  19:17  Zergling x54  
  191  19:24  Zergling x16  
  199  19:36  Baneling x5  
  199  19:37  Baneling x18  
  199  19:39  Baneling x2  
  199  19:40  Baneling x12  
  197  19:48  Zergling x10  
  158  20:01  Zergling x18  
  158  20:02  Zergling x42  
  158  20:05  Hydralisk x4  
  151  20:13  Hydralisk x10  
  165  20:18  Hydralisk  
  156  20:22  Baneling x2  
  156  20:23  Baneling x21, Hydralisk x4  
  156  20:27  Hydralisk x2  
  168  20:28  Hydralisk  
  168  20:32  Hydralisk  
Show
View Real Time Build Order
Export as new Build Order

HeroMarine Terran 

Build Orders: Command Center First (CC), Liberator Opening, Bio Tank 

Get SALT Encoding   

  12  0:00  SCV  
  13  0:13  SCV  
  14  0:19  Supply Depot  
  14  0:25  SCV  
  15  0:40  SCV  
  16  0:52  SCV  
  17  1:01  Command Center  
  17  1:04  SCV  
  17  1:10  Refinery  
  18  1:16  SCV  
  19  1:25  Barracks  
  19  1:28  SCV  
  19  1:32  Refinery  
  20  1:41  SCV  
  21  1:53  SCV  
  22  2:12  Orbital Command  
  22  2:14  Barracks Reactor, Factory  
  22  2:20  Orbital Command  
  22  2:37  SCV  
  23  2:45  SCV  
  23  2:49  SCV  
  25  2:57  SCV  
  26  3:01  SCV  
  26  3:03  Starport, Supply Depot  
  26  3:04  Hellion x2, Marine  
  32  3:09  SCV  
  33  3:13  SCV  
  34  3:21  SCV  
  34  3:22  Barracks Tech Lab  
  34  3:24  Liberator  
  34  3:25  Hellion x2, SCV  
  40  3:33  Supply Depot, SCV  
  41  3:37  SCV  
  45  3:44  Stimpack, Marine  
  46  3:55  SCV x2  
  48  4:02  Command Center  
  48  4:07  SCV x2  
  48  4:09  Marine  
  51  4:19  SCV x2  
  51  4:20  Barracks x2  
  51  4:22  Supply Depot  
  53  4:24  Starport Reactor  
  53  4:26  Factory Reactor  
  53  4:27  Marine  
  54  4:33  Engineering Bay  
  54  4:35  Engineering Bay  
  54  4:44  SCV x2  
  54  4:45  Marine  
  57  4:47  Refinery  
  57  4:48  Refinery  
  57  4:56  SCV x2  
  59  5:01  Terran Infantry Weapons Level 1, Terran Infantry Armor Level 1  
  59  5:03  Marine  
  60  5:08  SCV x2  
  60  5:09  Factory Tech Lab  
  60  5:13  Marine x2  
  64  5:18  Marine x2  
  64  5:20  SCV x2  
  64  5:21  Marine  
  69  5:29  Medivac x2  
  69  5:30  Siege Tank  
  69  5:31  Marine  
  77  5:41  Barracks  
  77  5:42  Barracks, Supply Depot  
  77  5:43  Supply Depot  
  77  5:44  Orbital Command  
  77  5:50  Combat Shields  
  77  5:52  Marine x5  
  77  5:53  SCV x2  
  81  6:05  SCV x2  
  81  6:10  Marine x3  
  86  6:12  SCV  
  86  6:14  Marine x2  
  86  6:16  Medivac x2  
  86  6:17  SCV x2  
  95  6:21  Armory  
  95  6:24  SCV  
  96  6:29  SCV x2  
  96  6:32  Marine  
  99  6:33  Supply Depot x2  
  99  6:34  Barracks Reactor x2  
  99  6:36  SCV  
  100  6:41  SCV  
  101  6:47  Factory  
  101  6:53  SCV x3  
  101  6:55  Marine x5  
  101  6:56  Supply Depot  
  101  6:58  Supply Depot  
  106  7:05  Supply Depot, SCV x3  
  109  7:10  Terran Infantry Weapons Level 2, Terran Infantry Armor Level 2  
  109  7:12  Marine, Terran Vehicle Weapons Level 1  
  109  7:13  Marine  
  111  7:17  SCV x3  
  114  7:24  Marine x2  
  114  7:29  SCV x2  
  118  7:33  Marine x4  
  122  7:38  Barracks x2, Factory Tech Lab  
  122  7:42  Refinery, Barracks, Supply Depot  
  122  7:43  Supply Depot, Siege Tank  
  125  7:45  Medivac x2  
  125  7:49  Marine  
  125  7:50  Marine  
  131  7:57  Marine x3  
  134  7:58  Siege Tank  
  134  8:00  Marine x2  
  134  8:05  Marine  
  139  8:06  Marine  
  139  8:07  Marine  
  139  8:10  Marine  
  139  8:15  Marine, Siege Tank  
  139  8:17  Supply Depot x2  
  139  8:21  Marine  
  139  8:22  Marine  
  139  8:26  Marine x4  
  139  8:27  Medivac, Marine x3  
  145  8:28  Marine  
  145  8:31  Marine, Siege Tank  
  145  8:33  Marine  
  153  8:39  Marine x2  
  153  8:43  Marine, Supply Depot  
  153  8:44  Marine x3  
  153  8:45  Marine x3  
  153  8:46  Marine  
  153  8:47  Siege Tank  
  164  8:49  Marine  
  164  8:50  Marine  
  154  8:57  Marine x2  
  154  9:01  Marine x2  
  158  9:03  Marine, Siege Tank  
  158  9:08  Marine x7  
  166  9:15  Marine x2  
  168  9:19  Marine x2, Supply Depot, Siege Tank  
  168  9:20  Marine, Supply Depot  
  157  9:26  Marine x6  
  157  9:31  Marine  
  162  9:33  Marine  
  162  9:35  Siege Tank  
  167  9:39  Marine  
  167  9:40  Marine  
  167  9:43  Marine x2  
  167  9:44  Medivac x2, Marine x6  
  179  9:49  Marine  
  179  9:51  Siege Tank  
  183  9:58  Marine  
  183  9:59  Marine x2  
  161  10:00  Marine  
  161  10:02  Marine  
  161  10:05  Terran Infantry Weapons Level 3  
  161  10:06  Marine x2  
  146  10:07  Siege Tank  
  146  10:10  Command Center  
  146  10:13  Marine x2  
  150  10:14  Marine x3  
  150  10:16  Marine  
  150  10:17  Marine x2  
  150  10:18  Marine  
  150  10:19  Marine  
  157  10:21  Medivac  
  157  10:23  Medivac  
  157  10:24  Marine, Siege Tank  
  157  10:25  Marine  
  166  10:31  Marine x2  
  166  10:32  Marine x2  
  170  10:35  Marine  
  170  10:36  Marine  
  170  10:38  Marine x2  
  170  10:39  Siege Tank  
  170  10:42  Marine x3  
  177  10:43  Marine  
  177  10:49  Marine x2  
  177  10:57  Marine x2  
  177  10:58  Marine x4  
  177  11:00  Marine x3  
  177  11:01  Medivac, Marine  
  177  11:02  Medivac  
  188  11:07  Terran Infantry Armor Level 3, Marine x2  
  190  11:15  Marine x2  
  190  11:16  Marine x4  
  190  11:17  Marine  
  190  11:18  Marine  
  180  11:19  Marine  
  180  11:25  Marine x2  
  142  11:33  Marine x2  
  142  11:34  Marine x3  
  142  11:35  Marine x2  
  142  11:37  Siege Tank x2  
  142  11:38  Medivac  
  142  11:39  Medivac  
  151  11:43  Marine x2  
  151  11:44  Marine x2  
  135  11:47  Marine  
  135  11:50  Marine  
  135  11:51  Marine x2  
  135  11:52  Marine x2  
  135  11:53  Marine x2  
  132  12:01  Marine x2  
  126  12:02  Marine  
  126  12:05  Planetary Fortress  
  126  12:08  Medivac, Marine  
  133  12:09  Medivac  
  133  12:10  Marine  
  133  12:11  Marine x3  
  133  12:12  Siege Tank  
  133  12:14  Siege Tank  
  144  12:21  Marine x2, Factory  
  144  12:22  Marine x2  
  148  12:25  Marine x2  
  148  12:29  Marine  
  151  12:33  Marine x3  
  151  12:37  Marine x2  
  154  12:40  Marine x2  
  154  12:41  Marine  
  154  12:42  Medivac  
  154  12:43  Medivac  
  154  12:44  Marine x3, Siege Tank  
  162  12:48  Marine  
  162  12:50  Marine  
  162  12:51  Marine x2  
  171  12:54  Marine  
  171  12:55  Marine  
  171  12:58  Marine x2  
  173  12:59  Marine  
  173  13:02  Marine x3  
  175  13:06  Siege Tank  
  175  13:10  Marine x4  
  175  13:12  Marine  
  175  13:14  Marine  
  175  13:16  Marine x2, Siege Tank  
  175  13:17  Marine  
  175  13:19  Marine  
  177  13:20  Marine  
  177  13:21  Marine  
  179  13:28  Marine x4  
  179  13:30  Marine  
  179  13:32  Marine  
  179  13:34  Marine  
  178  13:38  Marine x3, Siege Tank  
  178  13:39  Marine x2  
  175  13:41  Medivac x2  
  175  13:45  Marine  
  175  13:46  Marine x3  
  175  13:48  Marine  
  184  13:50  Marine  
  184  13:52  Marine  
  186  13:56  Marine x4  
  186  13:57  Marine, Siege Tank  
  168  14:03  Marine  
  168  14:04  Marine x3  
  168  14:06  Marine  
  168  14:07  Marine  
  168  14:09  Marine  
  129  14:11  Siege Tank, Factory Tech Lab  
  129  14:14  Marine x5  
  130  14:21  Marine x4  
  130  14:23  Marine  
  132  14:25  Marine  
  132  14:27  Marine  
  132  14:29  Siege Tank  
  137  14:32  Marine x4  
  137  14:33  Orbital Command, Siege Tank  
  137  14:38  Marine  
  144  14:39  Marine x3  
  144  14:42  Marine x2  
  144  14:43  Marine, Siege Tank  
  153  14:52  Marine  
  153  14:53  Marine  
  153  14:54  Marine  
  153  14:55  Marine, Sensor Tower  
  157  15:00  Marine x2  
  157  15:01  Siege Tank  
  157  15:04  Marine x6  
  168  15:09  Siege Tank  
  168  15:11  Terran Vehicle Weapons Level 2  
  168  15:13  Marine x4  
  175  15:18  Marine x2  
  177  15:22  Marine x4, Siege Tank  
  177  15:25  Marine x2  
  177  15:26  Refinery  
  177  15:27  Refinery  
  186  15:34  Marine x2  
  188  15:36  Marine x2  
  188  15:37  Marine  
  188  15:38  Marine  
  188  15:42  Marine x2  
  184  15:45  Marine x2  
  184  15:48  Marine x2  
  156  15:50  Siege Tank  
  156  15:52  Marine  
  156  15:53  Marine  
  156  15:54  Marine x2  
  156  15:55  Marine x2  
  158  16:00  Marine  
  158  16:01  Marine  
  158  16:03  Marine  
  149  16:06  Marine x2  
  149  16:09  Refinery  
  149  16:10  Refinery, Marine  
  149  16:11  Marine  
  151  16:12  Marine x2  
  151  16:13  Marine x2  
  151  16:17  Marine  
  147  16:19  Marine, Siege Tank  
  147  16:21  Marine  
  147  16:24  Marine x2  
  131  16:27  Marine  
  131  16:28  Marine  
  131  16:29  Marine, Siege Tank  
  131  16:30  Marine  
  131  16:31  Marine x2  
  131  16:32  Refinery  
  140  16:34  Barracks  
  140  16:35  Marine  
  140  16:37  Marine  
  140  16:39  Marine  
  143  16:41  Marine, Siege Tank  
  143  16:42  Marine  
  143  16:45  Marine  
  143  16:46  Marine  
  150  16:47  Marine x2  
  150  16:48  Medivac  
  150  16:49  Marine x2  
  150  16:51  Medivac  
  150  16:53  Marine  
  159  16:55  Marine  
  159  16:56  Marine  
  159  16:59  Marine  
  159  17:00  Marine  
  163  17:03  Marine  
  163  17:04  Marine  
  163  17:05  Marine x2, Siege Tank  
  163  17:07  Marine x2, Siege Tank  
  174  17:09  Orbital Command  
  174  17:11  Marine  
  174  17:13  Marine  
  174  17:14  Marine  
  175  17:17  Marine x2  
  175  17:20  Medivac  
  175  17:21  Marine  
  175  17:22  Marine x2  
  178  17:23  Marine x2  
  178  17:24  Marine  
  178  17:25  Marine  
  178  17:29  Marine  
  178  17:31  Marine  
  178  17:32  Marine  
  178  17:35  Marine  
  170  17:39  Marine  
  170  17:40  Marine x2  
  170  17:41  Marine x2  
  170  17:42  Marine  
  170  17:43  Barracks Tech Lab x2  
  168  17:44  Ghost Academy, Siege Tank x2  
  168  17:46  Marine  
  168  17:48  Marine  
  168  17:50  Marine  
  177  17:53  Marine  
  177  17:56  Marine  
  179  18:09  Marauder  
  179  18:10  Marauder, Barracks Tech Lab  
  179  18:11  Marauder  
  185  18:29  Command Center  
  185  18:30  Marauder  
  185  18:31  Marauder  
  187  18:40  Supply Depot  
  187  18:45  Marauder x2  
  186  18:51  Marauder  
  188  19:01  Marine x2, Siege Tank x2  
  196  19:02  Supply Depot  
  196  19:14  Marine x3  
  196  19:15  Marine x4  
  196  19:16  Marauder x3, Siege Tank  
  195  19:19  Marine  
  195  19:21  Marine  
  187  19:24  Medivac  
  188  19:31  Marine  
  188  19:32  Marauder, Marine  
  188  19:33  Marine x4  
  188  19:36  Marine  
  188  19:37  Marauder, Marine  
  200  19:40  Sensor Tower  
  198  19:54  Ghost  
  198  19:57  Marine x2  
  198  19:58  Marine x4  
  173  20:00  Marauder, Marine x3  
  173  20:01  Marine, Siege Tank  
  138  20:11  Planetary Fortress  
  123  20:15  Marine  
  123  20:18  Marine x2  
  123  20:19  Marauder  
  123  20:20  Marauder, Marine x2  
  120  20:21  Marine  
  120  20:27  Siege Tank  
  124  20:31  Siege Tank  
  124  20:32  Marine  
  124  20:35  Marine x2  
  130  20:37  Marine  
  130  20:38  Marine  
  130  20:41  Marauder  
Tags
 
Add a new tag
Caveats
  • Supply blocks, unpowered buildings, or Contaminate may cause inaccurate times.
  • Supply counts are checked every 10 seconds.